 Dungeon Crawl Stone Soup version 0.24-a0-441-g27f0392e16 (webtiles) character file.

Game seed: 6514670512796168004

2529 KristoblXynda the Destroyer (level 9, 0/62 HPs)
             Began as a Green Draconian Conjurer on June 19, 2019.
             Was a Follower of Fedhas.
             Slain by a large slime creature (25 damage)
             ... on level 6 of the Dungeon.
             The game lasted 00:14:55 (8128 turns).

KristoblXynda the Destroyer (DrCj)                  Turns: 8128, Time: 00:14:55

Health: 0/62       AC:  7    Str: 12    XL:     9   Next: 29%
Magic:  28/28      EV: 12    Int: 18    God:    Fedhas [*.....]
Gold:   267        SH:  0    Dex: 11    Spells: 17/21 levels left

rFire    + . .     SeeInvis .   y - +3 quarterstaff (chaos)
rCold    + . .     Gourm    .   (shield currently unavailable)
rNeg     . . .     Faith    .   (armour unavailable)
rPois    +         Spirit   .   (helmet restricted)
rElec    .         Reflect  .   r - scarf {rC+ rF+}
rCorr    +         Harm     .   (no gloves)
MR       .....                  (no boots)
Stlth    ++........             z - amulet of regeneration
HPRegen  0.20/turn              c - ring of magical power
MPRegen  0.21/turn              u - ring of resist corrosion

@: short of breath
A: breathe noxious fumes, unfitting armour, poison resistance, cold-blooded, AC
+7
a: Breathe Noxious Fumes, Fungal Bloom, Sunlight, Renounce Religion


You were on level 6 of the Dungeon.
You worshipped Fedhas.
Fedhas was aware of your devotion.
You were not hungry.

You visited 1 branch of the dungeon, and saw 6 of its levels.

You collected 267 gold pieces.

Inventory:

Hand Weapons
 y - a +3 quarterstaff of chaos (weapon)
Armour
 r - a scarf of resistance (worn)
 x - a +0 cloak
Jewellery
 c - a ring of magical power (left hand)
 d - an uncursed ring of flight
 u - a ring of resist corrosion (right hand)
 z - an amulet of regeneration (around neck)
Wands
 n - a wand of clouds (6)
 q - a wand of iceblast (9)
 s - a wand of scattershot (4)
Scrolls
 a - 3 scrolls of magic mapping {unknown}
 e - 4 scrolls of teleportation
 f - a scroll of amnesia {unknown}
 g - a scroll of noise {unknown}
 h - 2 scrolls of identify
 j - a scroll of fog {unknown}
 k - a scroll of immolation {unknown}
 o - 2 scrolls of blinking
 t - 2 scrolls of fear {unknown}
 A - a scroll of remove curse
Potions
 i - 5 potions of curing
 l - 2 potions of haste
 m - a potion of flight {unknown}
 p - a potion of brilliance {unknown}
 v - a potion of agility {unknown}
 w - a potion of magic {unknown}
Comestibles
 b - 11 rations


   Skills:
 + Level 2.1 Staves
 - Level 1.7 Dodging
 - Level 3.0 Stealth
 + Level 6.8 Spellcasting
 + Level 8.2 Conjurations
 + Level 3.5 Invocations
 - Level 5.5 Evocations


You had 17 spell levels left.
You knew the following spells:

 Your Spells              Type           Power        Failure   Level  Hunger
a - Magic Dart            Conj           ####         1%          1    None
b - Dazzling Spray        Conj/Hex       ###...       6%          3    ##.....

Your spell library contained the following spells:

 Spells                   Type           Power        Failure   Level  Hunger
 Searing Ray              Conj           #####.       1%          2    None
 Iskenderun's Mystic Bla  Conj           #####...     3%          4    ####...
 Force Lance              Conj/Tloc      ###.....     21%         4    ####...
 Fulminant Prism          Conj/Hex       ###.......   21%         4    ####...


Dungeon Overview and Level Annotations

Branches:
Dungeon (6/15)             Temple (0/1) D:6

Altars:
Ashenzari
Dithmenos
Fedhas
Gozag
Okawaru
Qazlal
Ru
Trog
Wu Jian
Xom
Zin
The Shining One

Shops:
D:6 =


Innate Abilities, Weirdness & Mutations

You can breathe blasts of noxious fumes.
Your lurid green scales are hard. (AC +7)
You cannot fit into any form of body armour.
Your system is resistant to poisons. (rPois)
You are cold-blooded and may be slowed by cold attacks.


Message History

Press: ? - help, Shift-Dir - straight line, p - ooze The burst of metal fragments hits the large slime creature! x5
The burst of metal fragments hits the ooze!
You kill the ooze!
The burst of metal fragments hits the large slime creature!
The large slime creature is severely wounded.
The large slime creature jiggles.
The large slime creature completely misses you.
You sock the large slime creature!
The large slime creature is moving more slowly.
The large slime creature is severely wounded.
The large slime creature barely misses you.
You sock the large slime creature!
The large slime creature is severely wounded.
The large slime creature hits you!!
You thump the large slime creature!
The large slime creature is almost dead.
The large slime creature hits you!!
You die...
Fedhas appreciates your contribution to the ecosystem.

###############
#.....###.## #
#÷.....÷.( #....).....#
# #...J..J÷÷
#....####..# #
#JP..J.J.. #.##÷# #..# #
#......... #. #)# #..# #
#...JJJ.P. # #÷# #..# #
#J.JJ.J÷.. #)####..# #
#'####### #.##....# #
##....J@## #.##..#.###
########.# ##....###...
##
#....'..###........#.###
.# #....####
#.####..#.## .#
#.......# # #..#.# .#
#.......# #..#.# .#
#.......# ## #..#.# .#
#.......# .. ...#.#
.####### ##[...)## #.#
####.#


You could see a large slime creature (petrifying).

Vanquished Creatures
  Pikel (D:5)
  A sky beast (D:5)
  2 phantoms
  3 ogres
  A centaur (D:5)
  3 bullfrogs (D:6)
  5 big kobolds (D:6)
  2 scorpions
  5 crimson imps
  A hound (D:4)
  A centaur skeleton (D:4)
  3 orc priests
  Crazy Yiuf (D:5)
  Jessica (D:3)
  5 orc wizards
  6 worker ants
  A hound skeleton (D:6)
  7 gnolls
  7 adders
  5 oozes
  4 worms
  2 dart slugs
  5 leopard geckos
  18 orcs
  5 giant cockroaches
  A goblin (D:1)
  9 hobgoblins
  3 jackals (D:2)
  12 kobolds
  4 quokkas
  A ball python (D:3)
  A ball python skeleton (D:4)
  7 bats
  4 frilled lizards
  A jackal skeleton (D:5)
  A leopard gecko skeleton (D:6)
  9 rats
148 creatures vanquished.

Vanquished Creatures (others)
  A wizard (D:3)
  2 fungi (D:6)
  62 toadstools
65 creatures vanquished.

Grand Total: 213 creatures vanquished

Notes
Turn   | Place    | Note
-------+----------+-------------------------------------------
     0 | D:1      | KristoblXynda the Draconian Conjurer began the quest for
                  | the Orb.
     0 | D:1      | Reached XP level 1. HP: 14/14 MP: 3/3
   701 | D:1      | Reached XP level 2. HP: 20/20 MP: 1/5
  1258 | D:1      | Reached XP level 3. HP: 26/26 MP: 6/6
  1672 | D:2      | Found a stormy altar of Qazlal.
  2013 | D:2      | Found a glowing silver altar of Zin.
  2075 | D:2      | Reached XP level 4. HP: 33/33 MP: 6/8
  2447 | D:2      | Learned a level 3 spell: Dazzling Spray
  2547 | D:2      | Found a faded altar of an unknown god.
  2615 | D:2      | Found an ornate altar of the Wu Jian Council.
  2619 | D:2      | Found a stormy altar of Qazlal.
  2619 | D:2      | Found a shadowy altar of Dithmenos.
  2640 | D:2      | Found a shimmering altar of Xom.
  3554 | D:3      | Reached XP level 5. HP: 38/38 MP: 9/9
  3562 | D:3      | Reached skill level 1 in Evocations
  3680 | D:3      | Noticed Jessica
  3686 | D:3      | Killed Jessica
  3686 | D:3      | Reached skill level 5 in Conjurations
  4254 | D:3      | Reached XP level 6. HP: 44/45 MP: 11/11
  4846 | D:3      | Found a bloodstained altar of Trog.
  4848 | D:3      | Noticed a wizard
  4854 | D:3      | Killed a wizard
  5061 | D:4      | Found a blossoming altar of Fedhas.
  5072 | D:4      | Your scales start taking on a lurid green colour.
  5072 | D:4      | Reached XP level 7. HP: 49/50 MP: 6/13
  5072 | D:4      | Gained mutation: Your system is resistant to poisons.
                  | (rPois) [Green Draconian growth]
  5110 | D:4      | Became a worshipper of Fedhas Madash
  5163 | D:4      | Reached skill level 6 in Conjurations
  5380 | D:4      | Found an opulent altar of Gozag.
  5692 | D:4      | Found a shattered altar of Ashenzari.
  5822 | D:4      | Found an iron altar of Okawaru.
  5942 | D:5      | Entered Level 5 of the Dungeon
  6022 | D:5      | Reached skill level 5 in Spellcasting
  6112 | D:5      | Reached XP level 8. HP: 57/57 MP: 15/15
  6249 | D:5      | Found a glowing golden altar of the Shining One.
  6259 | D:5      | Noticed Pikel
  6306 | D:5      | Killed Pikel
  6306 | D:5      | Reached skill level 7 in Conjurations
  6306 | D:5      | Reached skill level 5 in Evocations
  6353 | D:5      | Reached * piety under Fedhas
  6906 | D:5      | Found a runed translucent door.
  6907 | D:5      | Noticed Crazy Yiuf
  6914 | D:5      | Killed Crazy Yiuf
  7029 | D:5      | Found a sacrificial altar of Ru.
  7124 | D:5      | Reached skill level 1 in Invocations
  7245 | D:6      | Found a staircase to the Ecumenical Temple.
  7462 | D:6      | Reached XP level 9. HP: 55/62 MP: 18/18
  7584 | D:6      | Found Guf Hoer's Jewellery Shoppe.
  7628 | D:6      | Found an iron altar of Okawaru.
  7642 | D:6      | Reached skill level 1 in Staves
  7710 | D:6      | Reached skill level 8 in Conjurations
  8128 | D:6      | Slain by a large slime creature

Levels and vault maps discovered:
D:1:      dpeg_arrival_long_road, layout_loops_ring
D:2:      layout_loops_ring, old_standard_altar, minitemple, first_ration,
          chequers_ecumenical_altar_simple, grunt_qazlal_clouds
D:3:      layout_basic, trog_wizard, uniq_jessica
D:4:      layout_rooms, lemuel_round_altar, fedhas_altar_1, marbit_many_paths,
          cheibrodos_ashenzari_chains
D:5:      layout_basic, st_stairs_8, hangedman_feature_mirror, uniq_pikel,
          uniq_crazy_yiuf_cottage
D:6:      cheibrodos_fertilizer, layout_loops_ring, minmay_temple_entry_mist,
          serial_shops, nicolae_shop_behind_doors, basic_altar

Skill      XL: |  1  2  3  4  5  6  7  8  9 |
---------------+----------------------------+-----
Stealth        | 2 3 |  3.0
Spellcasting   | 3 4 5 6 |  6.8
Evocations     | 2 3 4 5 |  5.5
Conjurations   | 5 6 7 8 |  8.2
Invocations    | 2 3 |  3.5
Staves         | 2 |  2.1
Dodging        | |  1.7

Action                   |  1- 3 |  4- 6 |  7- 9 || total
-------------------------+-------+-------+-------++-------
Melee: Unarmed           |    15 |       |       ||    15
       Tailslap          |     1 |     3 |    10 ||    14
       Dagger            |     1 |    28 |       ||    29
       Short sword       |       |    11 |    36 ||    47
       Quarterstaff      |       |       |    56 ||    56
 Cast: Magic Dart        |    77 |   190 |   228 ||   495
       Dazzling Spray    |       |       |     5 ||     5
Invok: Fungal Bloom      |       |       |    16 ||    16
 Abil: Breathe Noxious F |       |       |    14 ||    14
Evoke: Wand              |       |       |     2 ||     2
  Use: Scroll            |       |     4 |     4 ||     8
       Potion            |       |       |     1 ||     1
 Stab: Confused          |       |       |     1 ||     1
       Petrified         |       |       |     3 ||     3
       Petrifying        |       |       |     1 ||     1
  Eat: Chunk             |     4 |     6 |     7 ||    17
       Ration            |       |     1 |     2 ||     3
Armor: Skin              |    16 |    24 |    63 ||   103
Dodge: Dodged            |    20 |    52 |   119 ||   191

Table legend:
 A = Non-vault XP
 B = Vault XP
 C = Vault XP percentage of total XP
 D = Non-vault monster count
 E = Vault monster count
 F = Vault count percentage of total count
                 A         B        C        D         E       F
            +---------+---------+-------+---------+---------+-------
      Total |    2469 |    1145 |  31.7 |     133 |      15 |  10.1
            +---------+---------+-------+---------+---------+-------
        D:1 |      55 |       0 |   0.0 |      22 |       0 |   0.0
        D:2 |     179 |       0 |   0.0 |      24 |       0 |   0.0
        D:3 |     332 |      37 |  10.0 |      27 |       1 |   3.6
        D:4 |     535 |       0 |   0.0 |      22 |       0 |   0.0
        D:5 |     573 |     677 |  54.2 |      16 |       3 |  15.8
        D:6 |     795 |     431 |  35.2 |      22 |      11 |  33.3
            +---------+---------+-------+---------+---------+-------
